 Dungeon Crawl Stone Soup version 0.17-a0-1373-g64d4c99 (webtiles) character file.

70682 nubinia the Stormcaller (level 15, -2/78 HPs)
             Began as a Tengu Air Elementalist on June 12, 2015.
             Was the Champion of Sif Muna.
             Slain by a sixfirhy (9 damage)
             ... summoned by an orc high priest
             ... on level 4 of the Orcish Mines on June 13, 2015.
             The game lasted 04:15:37 (30200 turns).

nubinia the Stormcaller (Tengu Air Elementalist)   Turns: 30200, Time: 04:15:37

Health: -2/78      AC: 13    Str:  9    XL:     15   Next: 34%
Magic:  22/31      EV: 19    Int: 20    God:    Sif Muna [******]
Gold:   2282       SH:  4    Dex: 16    Spells: 10 memorised, 2 levels left

rFire  + . .     SeeInvis +     b - +2 dagger "Tewafiy" {flame, rElec rPois rN+ MR+}
rCold  . . .     Clarity  .     l - +1 robe {rF+}
rNeg   + . .     SustAt   .     s - +0 buckler
rPois  +         Gourm    .     (helmet restricted)
rElec  +         Spirit   .     D - +2 cloak {MR+}
rCorr  .         Warding  .     t - +2 pair of gloves
rMut   .         Stasis   .     (boots unavailable)
MR     +++..                    w - amulet of regeneration
Stlth  ++++......               P - ring of see invisible
                                V - +4 ring of protection

@: flying quickly and evasively, very slightly contaminated, repel missiles,
quick, extremely resistant to hostile enchantments, stealthy
A: beak, talons 3, able to fly 2
a: Stop Flying, Channel Energy, Forget Spell, Renounce Religion


You were on level 4 of the Orcish Mines.
You worshipped Sif Muna.
Sif Muna was exalted by your worship.
You were hungry.

You visited 3 branches of the dungeon, and saw 22 of its levels.
You also visited: Volcano.

You collected 2536 gold pieces.
You spent 254 gold pieces at shops.

Inventory:

Hand weapons
 a - a +9 rapier of protection
 b - the +2 dagger "Tewafiy" (weapon) {flame, rElec rPois rN+ MR+}
   (You found it on level 8 of the Lair of Beasts)

   It has been specially enchanted to burn those struck by it, causing extra
   injury to most foes and up to half again as much damage against particularly
   susceptible opponents.
   It insulates you from electricity.
   It protects you from poison.
   It protects you from negative energy.
   It affects your resistance to hostile enchantments.
 B - a +0 blowgun
 F - the +3 long sword "Veceall" {slice, rElec rC++ MP-9}
   (You found it on level 8 of the Lair of Beasts)

   It inflicts extra damage upon your enemies.
   It greatly protects you from cold.
   It insulates you from electricity.
   It affects your magic capacity (-9).
Missiles
 E - 35 poisoned needles
 O - 3 curare-tipped needles
 Q - 7 needles of sleeping
Armour
 c - a +1 leather armour of fire resistance
 l - a +1 robe of fire resistance (worn)
 s - a +0 buckler (worn)
 t - a +2 pair of gloves (worn)
 v - a +2 robe of magic resistance
 D - a +2 cloak of magic resistance (worn)
Jewellery
 h - a +2 ring of protection
 w - an amulet of regeneration (around neck)
 x - an uncursed ring of ice
 J - a +3 ring of strength
 N - an uncursed amulet of rage
 P - a ring of see invisible (right hand)
 S - an uncursed ring of positive energy
 V - a +4 ring of protection (left hand)
Magical devices
 d - a wand of fire (7)
 Z - a wand of teleportation (6)
Scrolls
 f - 2 scrolls of identify
 i - 5 scrolls of teleportation
 q - 9 scrolls of remove curse
 r - 3 scrolls of magic mapping
 u - 2 scrolls of blinking
 C - 6 scrolls of recharging
 K - 3 scrolls of fear
Potions
 e - 2 potions of invisibility
 g - a potion of berserk rage
 j - 5 potions of agility
 k - a potion of curing
 m - a potion of cancellation
 n - 3 potions of might
 z - 3 potions of brilliance
 A - 2 potions of mutation
 G - a potion of ambrosia
 M - 2 potions of magic
 R - 2 potions of resistance
 X - a potion of haste
Books
 y - Sif Muna's Almanac of Hurtful Snow
   (Sif Muna gifted it to you on level 4 of the Orcish Mines)

   Spells                             Type                      Level
   a - Throw Frost                    Conjuration/Ice              2
   b - Ozocubu's Armour               Charms/Ice                   3
   c - Throw Icicle                   Conjuration/Ice              4
   d - Summon Ice Beast               Ice/Summoning                4
   e - Metabolic Englaciation         Hexes/Ice                    5
Miscellaneous
 p - a fan of gales
Comestibles
 o - 11 chunks of flesh
 T - 9 royal jellies


   Skills:
 + Level 3.5 Fighting
 + Level 4.0 Short Blades
 + Level 4.0 Throwing
 + Level 7.6 Dodging
 + Level 7.3 Stealth
 + Level 0.8 Shields
 * Level 11.2 Spellcasting
 + Level 15.8 Conjurations
 + Level 2.2 Hexes
 + Level 3.7 Charms
 * Level 4.8 Ice Magic
 * Level 16.2 Air Magic
 + Level 2.2 Poison Magic
 + Level 7.3 Invocations


You had 2 spell levels left.
You knew the following spells:

 Your Spells              Type           Power        Failure   Level  Hunger
a - Shock                 Conj/Air       ####         0%          1    None
b - Dazzling Spray        Conj/Hex       #####...     1%          3    None
c - Mephitic Cloud        Conj/Pois/Air  ######..     1%          3    None
d - Swiftness             Chrm/Air       ######..     1%          2    None
e - Freezing Cloud        Conj/Ice/Air   ######....   12%         6    ######.
f - Iskenderun's Mystic   Conj           ######..     1%          4    ##.....
g - Ozocubu's Armour      Chrm/Ice       ####....     6%          3    None
i - Iskenderun's Battles  Conj/Chrm      ######..     6%          5    ####...
l - Lightning Bolt        Conj/Air       ######....   1%          5    ####...
r - Repel Missiles        Chrm/Air       ######       1%          2    None


Dungeon Overview and Level Annotations

Branches:
Dungeon (10/15)            Temple (0/1) D:4            Lair (8/8) D:10
  Swamp (0/4) Lair:6       Spider (0/4) Lair:3        Slime (0/6) Lair:7
    Orc (4/4) D:10            Elf (0/3) Orc:4

Altars:
Ashenzari
Dithmenos
Elyvilon
Gozag
Kikubaaqudgha
Makhleb
Nemelex Xobeh
Okawaru
Qazlal
Ru
Sif Muna
Trog
Yredelemnul
Zin
The Shining One
Beogh
Jiyva

Shops:
D:8 (   D:10 (?

Annotations:
Lair:1 exclusion: door


Innate Abilities, Weirdness & Mutations

You have a beak for a mouth.
You have claws for feet.
You can fly continuously.


Message History

Unknown command.
Casting: Dazzling Spray
Confirm with . or Enter, or press ? or * to list all spells.
Aiming: Dazzling Spray
Press: ? - help, Shift-Dir - straight line, f/p - sixfirhy
Aim: a sixfirhy (moderately wounded, summoned)
The spray of energy hits the sixfirhy.
The sixfirhy is heavily wounded.
The spray of energy misses the sixfirhy.
The sixfirhy hits you but does no damage.
The sixfirhy completely misses you. The sixfirhy hits you.
* * * LOW HITPOINT WARNING * * *
The sixfirhy shocks you. You resist.
* * * LOW HITPOINT WARNING * * *
The sixfirhy closely misses you. The sixfirhy completely misses you.
Drink which item? (? for menu, Esc to quit)
You feel better. The sixfirhy completely misses you.
The sixfirhy hits you but does no damage.
The sixfirhy hits you!
You die...

#......................*#
#..#)......#.....#...#.##
#.................#...##
#....................##
#.....<.............##
#...........#.....###
#..................###
#.......44.........#.##
#.......@............<#
#................#.#.##
#..........[......##.###
#..........)..##.##....##
#.............#####.....#
#.........[...# ##.#.##
#..........[.## #####
#..........#.## ###
##............## #####.##


You could see 2 sixfirhies.

Vanquished Creatures
  Snorg (D:10)
  2 hydras
  A catoblepas (Lair:8)
  Erica (Orc:1)
  Erolcha (Orc:2)
  2 orc high priests (Orc:4)
  15 death yaks
  An orc knight (Orc:4)
  An orc sorcerer (Orc:4)
  2 griffons
  A manticore (Volcano)
  7 elephants
  Maurice (Orc:1)
  5 black mambas
  2 molten gargoyles (Volcano)
  A torpor snail (Lair:2)
  9 spiny frogs
  5 komodo dragons
  8 fire drakes
  2 spriggan druids (Lair:8)
  2 trolls
  7 polar bears
  21 blink frogs
  A queen bee (Lair:1)
  The ghost of HEYYEYAAE the Gusty, an average HuAE (D:4)
  2 two-headed ogres
  A trapdoor spider zombie (D:10)
  4 redbacks (Lair:8)
  8 spriggans
  Sigmund (D:2)
  33 yaks
  A deep elf fighter (D:10)
  15 fire bats
  2 deep elf magi (D:9)
  9 hippogriffs
  2 basilisks (Lair:3)
  A hungry ghost (D:10)
  11 vampire mosquitoes
  Menkaure (D:6)
  2 wargs (Orc:4)
  An insubstantial wisp (Lair:4)
  9 porcupines
  38 wolves
  30 orc warriors
  16 water moccasins
  Duvessa (D:6)
  An ice beast (D:5)
  A sky beast (D:7)
  10 soldier ants
  4 wasps
  4 black bears
  6 ogres
  14 crocodiles
  3 phantoms
  4 centaurs
  A gnoll sergeant (D:6)
  21 giant frogs
  Dowan (D:6)
  2 scorpions
  14 wights
  36 killer bees
  5 crimson imps
  2 giant frog zombies
  9 hounds
  2 lava snakes (Volcano)
  A centaur zombie (D:5)
  6 jellies
  A centaur skeleton (D:9)
  34 orc priests
  3 giant frog skeletons
  38 orc wizards
  40 worker ants
  5 hell rats (Lair:8)
  8 iguanas
  5 sheep
  A hound zombie (D:7)
  3 hound skeletons
  2 worker ant zombies
  8 gnolls (D:6)
  9 adders
  32 river rats
  2 oozes
  2 adder skeletons
  An adder zombie (D:7)
  5 worms
  6 giant geckos
  175 orcs
  A bat skeleton (D:7)
  A bat zombie (D:6)
  7 giant cockroaches
  25 goblins
  29 hobgoblins
  6 jackals
  19 kobolds
  4 quokkas
  19 bats
  A giant gecko zombie (D:6)
  A giant newt (D:4)
  10 rats
  A bush (D:9)
  6 fungi
  A plant (Lair:6)
946 creatures vanquished.

Vanquished Creatures (collateral kills)
  Maud (Lair:8)
  A queen ant (Lair:8)
  2 soldier ants (Lair:8)
  2 worker ants (Lair:8)
6 creatures vanquished.

Vanquished Creatures (others)
  19 fungi
  6 plants
25 creatures vanquished.

Grand Total: 977 creatures vanquished

Notes
Turn   | Place    | Note
--------------------------------------------------------------
     0 | D:1      | nubinia the Tengu Air Elementalist began the quest for the Orb.
     0 | D:1      | Reached XP level 1. HP: 10/10 MP: 4/4
   254 | D:1      | Reached XP level 2. HP: 15/15 MP: 4/6
   258 | D:1      | Learned a level 2 spell: Repel Missiles
   261 | D:1      | Learned a level 2 spell: Swiftness
   730 | D:1      | Reached XP level 3. HP: 19/19 MP: 7/7
  1140 | D:2      | Found a sparkling altar of Nemelex Xobeh.
  1140 | D:2      | Found a deep blue altar of Sif Muna.
  1145 | D:2      | Became a worshipper of Sif Muna the Loreminder
  1326 | D:2      | Noticed Sigmund
  1612 | D:2      | Reached skill level 5 in Air Magic
  1612 | D:2      | Reached XP level 4. HP: 24/24 MP: 3/8
  2637 | D:3      | Found a white marble altar of Elyvilon.
  2765 | D:3      | Gained mutation: You can fly. [Tengu growth]
  2765 | D:3      | Reached XP level 5. HP: 24/28 MP: 7/10
  3378 | D:4      | Noticed an ogre
  3410 | D:4      | Killed an ogre
  3410 | D:4      | Reached XP level 6. HP: 32/32 MP: 3/11
  3549 | D:4      | Acquired Sif Muna's first power
  3615 | D:4      | Noticed HEYYEYAAE's ghost (average HuAE)
  3672 | D:4      | Found a glowing silver altar of Zin.
  3705 | D:4      | Found a stormy altar of Qazlal.
  3980 | D:4      | Found a staircase to the Ecumenical Temple.
  4049 | D:4      | HP: 1/32 [HEYYEYAAE's ghost (10)]
  4051 | D:4      | Killed HEYYEYAAE's ghost
  4051 | D:4      | Reached skill level 6 in Air Magic
  4051 | D:4      | Reached XP level 7. HP: 1/37 MP: 1/13
  4370 | D:4      | Reached skill level 5 in Conjurations
  4430 | D:4      | Learned a level 3 spell: Static Discharge
  4529 | D:5      | Entered Level 5 of the Dungeon
  4661 | D:5      | Reached skill level 7 in Air Magic
  4736 | D:5      | Upgraded the game from 0.17-a0-1368-g6ab37f2 to 0.17-a0-1373-g64d4c99
  4975 | D:5      | Reached XP level 8. HP: 42/42 MP: 7/14
  5078 | D:5      | Acquired Sif Muna's second power
  5960 | D:5      | Found a bloodstained altar of Trog.
  6083 | D:6      | Reached skill level 1 in Fighting
  6155 | D:6      | Found a shattered altar of Ashenzari.
  6163 | D:6      | Reached skill level 8 in Air Magic
  6391 | D:6      | Noticed Duvessa
  6569 | D:6      | Noticed Menkaure
  6942 | D:6      | Reached XP level 9. HP: 42/47 MP: 7/17
  7019 | D:6      | Reached skill level 9 in Air Magic
  7153 | D:6      | Reached skill level 5 in Spellcasting
  7334 | D:6      | Found a basalt altar of Yredelemnul.
  7789 | D:4      | Found an ancient bone altar of Kikubaaqudgha.
  8374 | D:6      | Killed Menkaure
  8467 | D:6      | Noticed Dowan
  8644 | D:7      | Learned a level 5 spell: Lightning Bolt
  8712 | D:7      | Reached skill level 1 in Short Blades
  8712 | D:7      | Reached skill level 10 in Air Magic
  8955 | D:7      | Found a basalt altar of Yredelemnul.
  8990 | D:7      | Acquired Sif Muna's third power
  9344 | D:6      | Killed Duvessa
  9353 | D:6      | Killed Dowan
  9473 | D:6      | Reached XP level 10. HP: 49/52 MP: 4/19
  9627 | D:6      | Reached skill level 10 in Conjurations
  9905 | D:7      | Found an opulent altar of Gozag.
 10663 | D:2      | Killed Sigmund
 10663 | D:2      | Reached skill level 5 in Stealth
 10663 | D:2      | Reached skill level 11 in Air Magic
 11571 | D:8      | Found a sacrificial altar of Ru.
 11819 | D:8      | Found a shadowy altar of Dithmenos.
 11868 | D:8      | Found Didem's Antique Weapon Boutique.
 11871 | D:8      | Bought a runed rapier for 100 gold pieces
 11916 | D:9      | Found a glowing golden altar of the Shining One.
 11917 | D:9      | Found an iron altar of Okawaru.
 11917 | D:9      | Found a burning altar of Makhleb.
 12385 | D:9      | Reached skill level 12 in Air Magic
 12434 | D:8      | Reached skill level 5 in Dodging
 12563 | D:9      | Reached skill level 1 in Throwing
 12896 | D:9      | Reached XP level 11. HP: 57/57 MP: 14/21
 13034 | D:10     | Entered Level 10 of the Dungeon
 13451 | D:10     | Found a staircase to the Lair.
 13623 | D:10     | Found Cuutt's Magic Scroll Shoppe.
 13639 | D:10     | Bought a scroll of magic mapping for 49 gold pieces
 13639 | D:10     | Bought a scroll of enchant weapon for 105 gold pieces
 13644 | D:10     | Found a staircase to the Orcish Mines.
 13746 | D:10     | Received a gift from Sif Muna
 13754 | D:10     | Learned a level 1 spell: Magic Dart
 13759 | D:10     | Learned a level 4 spell: Iskenderun's Mystic Blast
 13763 | D:10     | Learned a level 3 spell: Dazzling Spray
 13819 | D:10     | Found Offuyg's Weapon Boutique.
 13872 | D:10     | Noticed Snorg
 13902 | D:10     | Killed Snorg
 14289 | D:10     | Reached skill level 13 in Air Magic
 14410 | D:10     | Reached skill level 1 in Invocations
 14445 | Lair:1   | Entered Level 1 of the Lair of Beasts
 15262 | Lair:1   | Identified a scroll of acquirement
 15688 | Lair:1   | Reached XP level 12. HP: 64/64 MP: 21/24
 16068 | Lair:2   | Learned a level 5 spell: Iskenderun's Battlesphere
 16246 | Lair:2   | Reached skill level 1 in Charms
 16519 | Lair:2   | Received a gift from Sif Muna
 16528 | Lair:2   | Identified Sif Muna's Handbook of Focus (Sif Muna gifted it to you on level 2 of the Lair of Beasts)
 16533 | Lair:2   | Learned a level 3 spell: Mephitic Cloud
 16603 | Lair:2   | Reached skill level 1 in Hexes
 16880 | Lair:2   | Reached skill level 14 in Air Magic
 17498 | Lair:3   | Found a hole to the Spider Nest.
 18650 | Lair:4   | Reached XP level 13. HP: 68/68 MP: 20/26
 19283 | Lair:5   | Received a gift from Sif Muna
 19284 | Lair:5   | Identified Neusod's Handbook of Arcane Weapons (Sif Muna gifted it to you on level 5 of the Lair of Beasts)
 19297 | Lair:5   | Reached skill level 5 in Invocations
 20276 | Lair:6   | Found a staircase to the Swamp.
 20529 | Lair:6   | Reached skill level 1 in Poison Magic
 21872 | Lair:7   | Reached skill level 15 in Air Magic
 21897 | Lair:7   | Reached skill level 15 in Conjurations
 22080 | Lair:7   | Received a gift from Sif Muna
 22102 | Lair:7   | Learned a level 6 spell: Freezing Cloud
 22138 | Lair:7   | Found a runed door.
 22138 | Lair:7   | Found a viscous altar of Jiyva.
 22543 | Lair:7   | Found a staircase to the Slime Pits.
 22594 | Lair:8   | Entered Level 8 of the Lair of Beasts
 22594 | Lair:8   | Noticed Maud
 22596 | Lair:8   | Gained mutation: You can fly continuously. [Tengu growth]
 22596 | Lair:8   | Reached XP level 14. HP: 74/74 MP: 24/28
 22726 | Lair:8   | Reached skill level 1 in Ice Magic
 22965 | Lair:8   | Reached skill level 10 in Spellcasting
 24146 | Lair:8   | Got a transparent long sword
 24147 | Lair:8   | Identified the +3 long sword "Veceall" {slice, rElec rC++ MP-9} (You found it on level 8 of the Lair of Beasts)
 24444 | Lair:8   | Received a gift from Sif Muna
 24445 | Lair:8   | Identified Sif Muna's Reference Book on Gliding Conjuration (Sif Muna gifted it to you on level 8 of the Lair of Beasts)
 24593 | Lair:8   | Killed Maud
 24904 | Lair:8   | Got an iridescent dagger
 24905 | Lair:8   | Identified the cursed +2 dagger "Tewafiy" {flame, rElec rPois rN+ MR+} (You found it on level 8 of the Lair of Beasts)
 26185 | Orc:1    | Entered Level 1 of the Orcish Mines
 26528 | Orc:2    | Found a roughly hewn altar of Beogh.
 26740 | Orc:1    | Noticed Maurice
 26752 | Orc:1    | Killed Maurice
 26879 | Orc:1    | Reached XP level 15. HP: 60/78 MP: 9/30
 27246 | Orc:3    | Found a dark tunnel.
 27293 | Volcano  | Entered a volcano
 27469 | Volcano  | Found a bloodstained altar of Trog.
 27483 | Volcano  | Reached skill level 16 in Air Magic
 28478 | Orc:1    | Noticed Erica
 28515 | Orc:1    | Killed Erica
 28606 | Orc:2    | Noticed Erolcha
 28612 | Orc:2    | Killed Erolcha
 28706 | Orc:4    | Entered Level 4 of the Orcish Mines
 29410 | Orc:4    | Found a staircase to the Elven Halls.
 29768 | Orc:4    | Received a gift from Sif Muna
 29893 | Orc:4    | Identified Sif Muna's Almanac of Hurtful Snow (Sif Muna gifted it to you on level 4 of the Orcish Mines)
 29898 | Orc:4    | Learned a level 3 spell: Ozocubu's Armour
 30199 | Orc:4    | HP: 2/78 [sixfirhy[an orc high priest] (2)]
 30200 | Orc:4    | Slain by a sixfirhy

Vault maps used:
D:1:      lemuel_arrival_tunnels
D:2:      gammafunk_temple_overflow_statue, uniq_sigmund
D:3:      elyvilon_altar_5, lemuel_statue_altar
D:4:      lemuel_upstairs_altar, overflow_temple_1_default, zin_scriptorium,
          minmay_temple_entry_enclosed_plants
D:5:      old_standard_altar, first_bread
D:6:      minmay_opposing_rooms, basic_altar, evilmike_ruin_ashenzari,
          uniq_duvessa, uniq_menkaure
D:7:      nicolae_overflow_crystal_walls, old_standard_altar
D:8:      nicolae_ru_awakened_eye, nicolae_dithmenos_the_darkroom, serial_shops,
          kennysheep_mini_moat
D:9:      gammafunk_temple_overflow_forgotten
D:10:     david_lair_generic, orc_david_3, serial_shops, nicolae_shop_trees,
          grunt_pizzeria, uniq_snorg
Lair:1:   grunt_megastairs_2
Lair:2:   lemuel_fruit_fields
Lair:3:   spider_nest_entry_web_field
Lair:4:   st_stairs_10, pond
Lair:6:   minmay_swamp_entry_swarm
Lair:7:   slime_altar_2
Lair:8:   minmay_lair_end_enchanted_forest, small_statue_intersection,
          zaba_anthell, serial_bayou_shore_b, lemuel_fruit_tree, uniq_maud
Orc:1:    uniq_maurice, uniq_erica
Orc:2:    minmay_orc_temple_a, uniq_erolcha
Orc:3:    nicolae_volcano_entry_batcave, nicolae_orc_pool_cavern
Orc:4:    st_orc_congregation
Volcano:  volcano_lake

Action                   |  1- 3 |  4- 6 |  7- 9 | 10-12 | 13-15 || total
-------------------------+-------+-------+-------+-------+-------++-------
Melee: Dagger            |    30 |    36 |    76 |    53 |   107 ||   302
       Rapier            |       |       |       |   282 |   541 ||   823
 Fire: Blowgun           |       |       |       |    96 |    79 ||   175
 Cast: Shock             |    62 |    69 |   310 |   448 |   468 ||  1357
       Repel Missiles    |     1 |       |     2 |       |     2 ||     5
       Swiftness         |       |       |     5 |       |     8 ||    13
       Static Discharge  |       |       |     5 |    61 |       ||    66
       Dazzling Spray    |       |       |       |    95 |   198 ||   293
       Iskenderun's Batt |       |       |       |    32 |   160 ||   192
       Mephitic Cloud    |       |       |       |     5 |    81 ||    86
       Lightning Bolt    |       |       |       |       |    12 ||    12
       Freezing Cloud    |       |       |       |       |     7 ||     7
Invok: Channel Energy    |       |       |     1 |   162 |   421 ||   584
 Abil: Fly               |       |     3 |       |       |     1 ||     4
Evoke: Fan of gales      |       |       |       |       |     1 ||     1
  Use: Scroll            |     7 |     5 |     5 |    12 |    15 ||    44
       Potion            |       |     1 |       |     4 |     1 ||     6
 Stab: Sleeping          |     2 |     6 |    10 |    26 |     8 ||    52
       Distracted        |       |       |     2 |     1 |     2 ||     5
       Invisible         |       |       |       |    16 |    20 ||    36
       Confused          |       |       |       |     5 |    20 ||    25
  Eat: Chunk             |     3 |     7 |    13 |    63 |   131 ||   217
       Bread ration      |       |     1 |       |     1 |       ||     2
       Royal jelly       |       |       |     1 |       |     2 ||     3
       Pizza             |       |       |       |     1 |       ||     1
       Fruit             |       |       |       |     1 |     3 ||     4
       Meat ration       |       |       |       |       |     1 ||     1
